 Dungeon Crawl Stone Soup version 0.22-a0-467-g5c5de1c (webtiles) character file.

60 Galder the Magician (level 3, 0/19 HPs)
             Began as a Deep Elf Air Elementalist on June 10, 2018.
             Killed from afar by Sigmund (9 damage)
             ... with a magic dart
             ... on level 3 of the Dungeon.
             The game lasted 00:14:40 (2045 turns).

Galder the Magician (Deep Elf Air Elementalist)     Turns: 2045, Time: 00:14:40

Health: 0/19       AC:  2    Str:  6    XL:     3   Next: 80%
Magic:  6/10       EV: 13    Int: 19    God:
Gold:   67         SH:  0    Dex: 15    Spells: 9/10 levels left

rFire    . . .     SeeInvis .   j - +0 dagger
rCold    . . .     Gourm    .   (no shield)
rNeg     . . .     Faith    .   a - +0 robe
rPois    .         Spirit   .   (no helmet)
rElec    .         Reflect  .   (no cloak)
rCorr    .         Harm     .   (no gloves)
MR       .....                  (no boots)
Stlth    +++.......             (no amulet)
HPRegen  0.06/turn              l - ring of stealth
MPRegen  0.12/turn              (no ring)

@: no status effects
A: no striking features
a: no special abilities


You were on level 3 of the Dungeon.
You were not hungry.

You visited 1 branch of the dungeon, and saw 3 of its levels.

You collected 67 gold pieces.

Inventory:

Hand Weapons
 j - a +0 dagger (weapon)
Missiles
 g - 105 stones (quivered)
 m - 2 throwing nets
Armour
 a - a +0 robe (worn)
Jewellery
 l - a ring of stealth (left hand)
Scrolls
 b - 4 scrolls of identify {unknown}
 f - a scroll of remove curse {unknown}
 h - 3 scrolls of enchant armour {unknown}
 n - a scroll of fog {unknown}
Potions
 d - a potion of magic {unknown}
 e - a potion of ambrosia {unknown}
 i - a potion of heal wounds {unknown}
 k - a potion of agility {unknown}
Comestibles
 c - 7 rations


   Skills:
 + Level 3.0 Dodging
 + Level 3.1 Stealth
 * Level 4.0 Spellcasting
 + Level 1.9 Conjurations
 + Level 3.3 Air Magic


You had 9 spell levels left.
You knew the following spells:

 Your Spells              Type           Power        Failure   Level  Hunger
a - Shock                 Conj/Air       ##..         4%          1    None

Your spell library contained the following spells:

 Spells                   Type           Power        Failure   Level  Hunger
 Lightning Bolt           Conj/Air       ##........   78%         5    ######.
 Swiftness                Chrm/Air       ##......     11%         2    ##.....
 Airstrike                Air            ###.......   34%         4    ####...
 Static Discharge         Conj/Air       ##......     14%         3    ###....


Dungeon Overview and Level Annotations

Branches:
Dungeon (3/15)

Altars:
Vehumet

Annotations:
D:2 exclusion: downstairs
D:3 Sigmund


Message History

Press: ? - help, Shift-Dir - straight line, f/p - Sigmund
Aim: Sigmund, wielding a scythe and wearing a robe (moderately wounded)
The zap misses Sigmund.
Sigmund drinks a potion.
Sigmund seems to speed up.
Casting: Shock (safe; 4% risk of failure)
Confirm with . or Enter, or press ? or * to list all spells.
Aiming: Shock (safe; 4% risk of failure)
Press: ? - help, Shift-Dir - straight line, f/p - Sigmund
Aim: Sigmund, wielding a scythe and wearing a robe (moderately wounded, fast)
The zap hits Sigmund.
Sigmund is moderately wounded.
Casting: Shock (safe; 4% risk of failure)
Confirm with . or Enter, or press ? or * to list all spells.
Aiming: Shock (safe; 4% risk of failure)
Press: ? - help, Shift-Dir - straight line, f/p - Sigmund
Aim: Sigmund, wielding a scythe and wearing a robe (moderately wounded, fast)
The zap hits Sigmund.
Sigmund is moderately wounded.
Sigmund gestures at you while chanting. The magic dart hits you!
You die...

#########
........#
#######.#
#.# #.# #<#
#รท########
#@...(.(..
##.#####.#
...# ......
##.@.###
.#)## ....
..#.#


You could see Sigmund.

Vanquished Creatures
  An adder (D:2)
  2 worms
  2 dart slugs (D:2)
  2 bats (D:2)
  3 giant cockroaches
  4 goblins
  6 hobgoblins
  A jackal (D:1)
  8 kobolds
  A quokka (D:2)
  4 frilled lizards
  5 rats
39 creatures vanquished.

Notes
Turn   | Place    | Note
-------+----------+-------------------------------------------
     0 | D:1      | Galder the Deep Elf Air Elementalist began the quest for the Orb.
     0 | D:1      | Reached XP level 1. HP: 10/10 MP: 6/6
   229 | D:2      | Reached XP level 2. HP: 15/15 MP: 1/8
   296 | D:2      | Found a radiant altar of Vehumet.
   782 | D:3      | Noticed Sigmund
   970 | D:1      | Reached XP level 3. HP: 18/19 MP: 6/10
  1444 | D:2      | Found a faded altar of an unknown god.
  1785 | D:2      | Reached skill level 4 in Spellcasting
  2045 | D:3      | Killed from afar by Sigmund

Vault maps used:
D:1:      dpeg_arrival_tiny_a, hangedman_feature_mirror, hangedman_decor_growths
D:2:      vehumet_crystals, chequers_ecumenical_altar_simple_redux, first_ration
D:3:      tgw_trog, lemuel_crystal_altar, minmay_surrounded, uniq_sigmund

Skill      XL: |  1  2  3 |
---------------+----------+-----
Stealth        | 3 |  3.1
Dodging        | 3 |  3.0
Spellcasting   | 4 |  4.0
Conjurations   | |  1.9
Air Magic      | |  3.3

Action                   || total
-------------------------++-------
Melee: Unarmed           ||     1
 Cast: Shock             ||   100
  Eat: Chunk             ||     3
Armor: Robe              ||     1
Dodge: Dodged            ||     8

Table legend:
 A = Spawn XP
 B = Non-spawn XP
 C = Spawn XP percentage of total XP
 D = Spawn monster count
 E = Non-spawn monster count
 F = Spawn count percentage of total count
 G = Total turns spent on level
                    A         B        C        D         E        F      G
               +---------+---------+-------+---------+---------+-------+---------
         Total |       0 |      86 |   0.0 |       0 |      39 |   0.0 |  2045
               +---------+---------+-------+---------+---------+-------+---------
           D:1 |       0 |      26 |   0.0 |       0 |      16 |   0.0 |   892
           D:2 |       0 |      48 |   0.0 |       0 |      17 |   0.0 |   911
           D:3 |       0 |      12 |   0.0 |       0 |       6 |   0.0 |   242
               +---------+---------+-------+---------+---------+-------+---------
